 Dungeon Crawl Stone Soup version 0.20-a0-947-g2784f4f (webtiles) character file.

172 Alarkh the Slasher (level 5, 40/41 HPs)
             Began as a Demonspawn Fighter on Apr 3, 2017.
             Quit the game on level 3 of the Dungeon.
             The game lasted 00:02:58 (3179 turns).

Alarkh the Slasher (Demonspawn Fighter)             Turns: 3179, Time: 00:02:59

Health: 40/41      AC:  6    Str: 17    XL:     5   Next: 27%
Magic:  8/14       EV:  8    Int: 12    God:
Gold:   106        SH:  8    Dex: 12    Spells: 4/4 levels left

rFire    . . .     SeeInvis .   a - +0 long sword
rCold    . . .     Gourm    .   c - +0 shield
rNeg     . . .     Faith    .   b - +0 scale mail
rPois    .         Spirit   .   (no helmet)
rElec    .         Reflect  .   (no cloak)
rCorr    .         Harm     .   (no gloves)
MR       .....                  (no boots)
Stlth    ..........             (no amulet)
Regen    0.2/turn               p - ring of magical power
MPRegen  0.2/turn               (no ring)

@: mildly poisoned (40 -> 37)
A: blurry vision 1, clever 1, sturdy frame 2
a: no special abilities


You were on level 3 of the Dungeon.
You were not hungry.

You visited 1 branch of the dungeon, and saw 3 of its levels.

You collected 106 gold pieces.

Inventory:

Hand Weapons
 a - a +0 long sword (weapon)
Armour
 b - a +0 scale mail (worn)
 c - a +0 shield (worn)
Jewellery
 p - a ring of magical power (left hand)
Scrolls
 d - a scroll of enchant armour {unknown}
 e - a scroll of identify
 g - 2 scrolls of remove curse
 l - 3 scrolls of recharging
 m - a scroll of magic mapping {unknown}
 o - a scroll of teleportation {unknown}
Potions
 i - a potion of invisibility
 k - 2 potions of curing
 r - 4 potions of lignification
Books
 q - a book of Misfortune

   Spells                             Type                      Level
   a - Confusing Touch                Hexes                        1
   b - Confuse                        Hexes                        3
   c - Gell's Gravitas                Translocation                3
   d - Petrify                        Transmutation/Earth          4
   e - Metabolic Englaciation         Hexes/Ice                    5
   f - Yara's Violent Unravelling     Hexes/Transmutation          5
Comestibles
 f - 3 bread rations
 n - a royal jelly


   Skills:
 - Level 3.0 Fighting
 + Level 5.0 Long Blades
 - Level 2.6 Armour
 - Level 2.6 Shields


You had 4 spell levels left.
You didn't know any spells.

Dungeon Overview and Level Annotations

Branches:
Dungeon (3/15)

Altars:

Annotations:
D:3 Hybris's ghost, amateur SpAs


Innate Abilities, Weirdness & Mutations

Your movements are less encumbered by armour. (ER -4)
Scrolls take you a little longer to read.
Your mind is acute. (Int +2)


Message History

You completely miss the hobgoblin.
You feel sick. The hobgoblin hits you with a club.
You slash the hobgoblin!
You kill the hobgoblin!
You feel sick.
You see here a club.
You feel sick.
As you read the scroll labeled XURAUNT YVUATE, it crumbles to dust.
It is a scroll of identify.
e - a potion of invisibility Adjust (i)tems, (s)pells, or (a)bilities?
Adjust which item? (? for menu, Esc to quit)
i - a scroll of identify Adjust to which letter? (? for menu, Esc to quit)
e - a scroll of identify;
i - a potion of invisibility
Okay, then.
It was a potion of heal wounds.
You feel much better.
You feel sick.
It was a potion of mutation.
You feel extremely strange.
Your vision blurs.
You feel clever.
Are you sure you want to abandon this character and quit the game? (Confirm with "yes".)

.....##........
........# ...
#######...........
........#.###..#..
......###.##.. #.#
#####.# ....# #.#
# #.###...# #.#
#####.....#.# #.#
##......# #.# #@#
...###.## #.# #)#
.### #..###.# #.#
## ##..##.# #.#
##.##.# #.#
#.##.####.###
#..#.#...>..#
##.)........#
###........#


There were no monsters in sight!

Vanquished Creatures
  A crimson imp (D:3)
  8 adders
  A worm (D:2)
  2 dart slugs
  2 leopard geckos
  An orc (D:3)
  6 bats
  2 giant cockroaches (D:2)
  8 goblins
  9 hobgoblins
  2 jackals (D:2)
  6 kobolds
  3 frilled lizards
  9 rats
60 creatures vanquished.

Notes
Turn   | Place    | Note
-------+----------+-------------------------------------------
     0 | D:1      | Alarkh the Demonspawn Fighter began the quest for the Orb.
     0 | D:1      | Reached XP level 1. HP: 18/18 MP: 1/1
    80 | D:1      | Reached skill level 2 in Long Blades
   172 | D:1      | Gained mutation: Your movements are slightly less encumbered by armour. (ER -2) [demonic ancestry]
   172 | D:1      | Reached XP level 2. HP: 24/24 MP: 2/2
   532 | D:1      | Reached skill level 3 in Long Blades
   910 | D:2      | Reached XP level 3. HP: 24/29 MP: 3/3
  1712 | D:2      | Reached XP level 4. HP: 34/35 MP: 4/4
  1786 | D:2      | Reached skill level 4 in Long Blades
  2281 | D:3      | Noticed Hybris's ghost (amateur SpAs)
  3148 | D:3      | Reached skill level 5 in Long Blades
  3148 | D:3      | Gained mutation: Your movements are less encumbered by armour. (ER -4) [demonic ancestry]
  3148 | D:3      | Reached XP level 5. HP: 34/41 MP: 5/5
  3178 | D:3      | Gained mutation: Scrolls take you a little longer to read. [potion of mutation]
  3178 | D:3      | Gained mutation: Your mind is acute. (Int +2) [potion of mutation]
  3179 | D:3      | Quit the game

Vault maps used:
D:1:      minmay_arrival_stone_box, minmay_tromino_i2
D:2:      corexii_corridor_pit
D:3:      first_bread

Skill      XL: |  1  2  3  4 |
---------------+-------------+-----
Long Blades    | 2 3 5 |  5.0
Fighting       | |  3.0
Armour         | |  2.6
Shields        | |  2.6

Action                   |  1- 3 |  4- 6 || total
-------------------------+-------+-------++-------
Melee: Long sword        |   159 |   206 ||   365
  Use: Potion            |       |     5 ||     5
       Scroll            |       |     3 ||     3
  Eat: Chunk             |     2 |     6 ||     8
Armor: Scale mail        |    69 |    86 ||   155
       Skin              |       |    44 ||    44
Dodge: Dodged            |    56 |    61 ||   117
Block: Shield            |    97 |    96 ||   193
       Rpst.: Long sword |    19 |    22 ||    41
